 Dungeon Crawl Stone Soup version 0.31-a0-174-g85c54bcb58 (webtiles) character file.

Game seed: 15032946335786443067

279 Elmgren the Shooter (level 6, -3/35 HPs)
             Began as a Gargoyle Hunter on June 16, 2023.
             Slain by Sigmund
             ... wielding a +2 scythe of venom
              (5 damage)
             ... on level 3 of the Dungeon.
             The game lasted 00:08:11 (2830 turns).

Elmgren the Shooter (Gargoyle Hunter)               Turns: 2830, Time: 00:08:11

Health: -3/35      AC:  8    Str: 16    XL:     6   Next: 26%
Magic:  6/6        EV: 11    Int: 10    God:
Gold:   288        SH:  0    Dex: 13    Spells: 5/5 levels left

rFire   . . .        a - +1 shortbow
rCold   . . .        (shield currently unavailable)
rNeg    + . .        c - +1 leather armour
rPois   ∞            (no helmet)
rElec   +            (no cloak)
rCorr   .            (no gloves)
SInv    .            (no boots)
Will    .....        (no amulet)
Stlth   +            (no ring)
HPRegen 0.25/turn    (no ring)
MPRegen 0.10/turn

%: no passive effects
@: no status effects
A: sickness immunity, AC +4, negative energy resistance 1, electricity
resistance, torment resistance 1, petrification resistance
a: no special abilities


You were on level 3 of the Dungeon.
You visited 1 branch of the dungeon, and saw 4 of its levels.

You collected 288 gold pieces.

Inventory:

Hand Weapons
 a - a +1 shortbow (weapon)
Armour
 c - a +1 leather armour (worn)
Jewellery
 e - a ring of wizardry
 g - an amulet of guardian spirit
Scrolls
 b - a scroll of butterflies
Potions
 d - 2 potions of brilliance
 f - a potion of mutation {unknown}
 h - a potion of degeneration {unknown}
 i - 3 potions of curing
 l - a potion of cancellation {unknown}
 m - a potion of haste {unknown}
 n - 2 potions of might {unknown}


   Skills:
 - Level 2.1 Fighting
 + Level 7.3 Ranged Weapons
 - Level 1.5 Dodging
 - Level 1.1 Stealth


You had 5 spell levels left.
You didn't know any spells.
Your spell library contained the following spells:

 Spells                   Type           Power      Damage    Failure   Level
 Apportation              Tloc           0%         N/A       43%         1
 Necrotise                Necr           0%         1d4       43%         1
 Summon Small Mammal      Summ           0%         N/A       43%         1


Dungeon Overview and Level Annotations

Branches:
Dungeon (4/15)
 Temple: D:4-7

Altars:
Dithmenos
Elyvilon
Kikubaaqudgha
Zin

Annotations:
D:3 Sigmund


Innate Abilities, Weirdness & Mutations

You are immune to sickness and miasma.
Your stone body is resilient. (AC +4)
You are immune to poison.
You resist negative energy. (rN+)
You are resistant to electric shocks. (rElec)
You are resistant to unholy torment.
You are immune to petrification.


Message History

Fire: a) +1 shortbow
Press: ? - help, Q - select action Shift-Dir - straight line, f - you Really target yourself? [Y]es or [N]o only, please.
Really target yourself?
Okay, then.
There is a strange disturbance nearby!
Something hits you but does no damage.
Things that are here:
a +0 club; a goblin corpse
There is an open gate here.
There is a fountain of blood here.
A puff of flame appears from out of thin air!
The puff of flame hits you.
There is a fountain of blood here.
You start resting.
Something hits you! Something hits you. Something hits you.
There is an open gate here.
You hear some strange, mumbled words.
You are confused.
Something hits you.
* * * LOW HITPOINT WARNING * * *
Something hits you.
* * * LOW HITPOINT WARNING * * *
You bump into the rock wall.
Something hits you.
* * * LOW HITPOINT WARNING * * *
You are too confused!
Unknown command.
Unknown command.
There is a strange disturbance nearby!
There is a strange disturbance nearby!
There is a strange disturbance nearby!
There is a strange disturbance nearby!
You're too confused to move!
You bump into the rock wall.
You feel less confused. Something hits you.
You die...

#....≈.......≈....# #..#
#.#..≈≈≈≈≈≈≈≈≈....# #..#
#.##...........#### #..#
#.###.........## #..# ..#
#####.#...# #..#
#########.....#######..#
#...........'........#
#.......#...##..###### ######
#.......#...##@...# ######.#.#.
###.......#...##....###...#.⌠.#.⌠
..........######..{.##.#.#.#.#.#.
.....###### #.>..#.⌠.#.⌠.#.⌠.#
.....# ###).'..#.#.#.#.#. .....#
#..'.#.⌠.#.⌠.#.. .....#
#..'..#.#.#.#.#. .....#
#..#.⌠.#.⌠.#.⌠.# .....###
#..##.#.#.#.#.#.


There were no monsters in sight!

Vanquished Creatures
  2 vampire bats (D:3)
  An orc priest (D:4)
  11 adders
  2 worms
  A dart slug (D:2)
  4 orcs (D:3)
  5 bats
  2 bat skeletons (D:3)
  5 bat zombies (D:3)
  2 endoplasms
  5 goblins
  4 hobgoblins
  3 quokkas
  9 ball pythons
  A frilled lizard (D:3)
  3 kobolds
  7 rats
67 creatures vanquished.

Notes
Turn   | Place    | Note
-------+----------+-------------------------------------------
     0 | D:1      | Elmgren the Gargoyle Hunter began the quest for the Orb.
     0 | D:1      | Reached XP level 1. HP: 12/12 MP: 1/1
   101 | D:1      | Reached XP level 2. HP: 17/17 MP: 2/2
   501 | D:2      | Reached skill level 5 in Ranged Weapons
   501 | D:2      | Reached XP level 3. HP: 21/21 MP: 3/3
   558 | D:2      | Found a faded altar of an unknown god.
  1464 | D:3      | Found a shadowy altar of Dithmenos.
  1550 | D:3      | Reached XP level 4. HP: 26/26 MP: 4/4
  1581 | D:3      | Found a white marble altar of Elyvilon.
  1850 | D:3      | Reached skill level 6 in Ranged Weapons
  1890 | D:3      | Reached XP level 5. HP: 30/30 MP: 5/5
  2133 | D:3      | Found a glowing silver altar of Zin.
  2283 | D:3      | Found an ancient bone altar of Kikubaaqudgha.
  2310 | D:3      | Reached skill level 7 in Ranged Weapons
  2366 | D:3      | Reached XP level 6. HP: 35/35 MP: 6/6
  2481 | D:4      | Noticed Sigmund
  2828 | D:3      | HP: 1/35 [something (1)]
  2830 | D:3      | Slain by Sigmund

Illustrated notes

Levels and vault maps discovered:
D:1:      minmay_arrival_radiant_lines, layout_rooms, minmay_fountain_box,
          chequers_serial_rivers_micro_e
D:2:      layout_basic, shapermc_ecumenical_altar_petra
D:3:      layout_basic, zin_statuary, kennysheep_vampire_church,
          mainiacjoe_overflow_brackets, mainiacjoe_overflow_surrounded_room,
          minmay_snake_closets
D:4:      minmay_door_path, layout_cave_pools, minmay_shop_mass, uniq_sigmund

Skill      XL: |  1  2  3  4  5 |
---------------+----------------+-----
Ranged Weapons | 5 6 7 |  7.3
Fighting       | |  2.1
Dodging        | |  1.5
Stealth        | |  1.1

Action                     |  1- 3 |  4- 6 || total
---------------------------+-------+-------++-------
   Fire: Shortbow          |    95 |   162 ||   257
    Use: Scroll            |     6 |     4 ||    10
 Armour: Leather armour    |    11 |    90 ||   101
  Dodge: Dodged            |    23 |   112 ||   135

Table legend: (Time is in decaauts)
 A = Elapsed time spent in this place.
 B = Non-inter-level travel time spent in this place.
 C = Inter-level travel time spent in this place.
 D = Time resting spent in this place.
 E = Time spent auto-exploring this place.
 F = Levels seen in this place.
 G = Mean time per level.
                   A        B        C        D        E       F      G
               +--------+--------+--------+--------+--------+-----+--------+
         Total |   2870 |   2766 |    104 |    369 |   1819 |   4 |  717.5 |
       Dungeon |   2870 |   2766 |    104 |    369 |   1819 |   4 |  717.5 |
               +--------+--------+--------+--------+--------+-----+--------+

Top non-repeatable levels by time:
     D:3: 1368 daAuts
     D:2: 943 daAuts
     D:1: 475 daAuts
     D:4: 82 daAuts
